 Dungeon Crawl Stone Soup version 0.28-a0-1412-gf95308ed99 (webtiles) character file.

Game seed: 10011603803525798074

27 grumblor the Shield-Bearer (level 3, -1/19 HPs)
             Began as a Vine Stalker Fighter on Jan 7, 2022.
             Succumbed to an adder's poison
             ... on level 2 of the Dungeon.
             The game lasted 00:01:19 (1418 turns).

grumblor the Shield-Bearer (Vine Stalker Fighter)   Turns: 1418, Time: 00:01:19

Health: -1/19      AC:  6    Str: 20    XL:     3   Next: 10%
Magic:  0/4        EV:  9    Int:  8    God:
Gold:   0          SH:  4    Dex: 13    Spells: 2/2 levels left

rFire   . . .      SeeInvis .   g - +0 war axe (vorpal)
rCold   . . .      Faith    .   c - +0 buckler
rNeg    . . .      Spirit   +   b - +0 scale mail
rPois   .          Reflect  .   (no helmet)
rElec   .          Harm     .   (no cloak)
rCorr   .          Rampage  .   (no gloves)
Will    .....                   (no boots)
Stlth   ..........              (no amulet)
HPRegen 0.06/turn               (no ring)
MPRegen 0.09/turn               (no ring)

@: lethally poisoned (-1 -> -6)
A: fangs 2, magic shield, antimagic bite, no potion heal 2
a: no special abilities


You were on level 2 of the Dungeon.
You visited 1 branch of the dungeon, and saw 2 of its levels.

Inventory:

Hand Weapons
 a - a +0 war axe
 g - a +0 vorpal war axe (weapon)
Missiles
 i - 9 poisoned darts (quivered)
Armour
 b - a +0 scale mail (worn)
 c - a +0 buckler (worn)
Potions
 d - a potion of might


   Skills:
 + Level 2.8 Fighting
 * Level 2.2 Axes
 + Level 2.5 Armour
 * Level 0.3 Dodging
 * Level 3.0 Shields
 * Level 0.4 Spellcasting


You had 2 spell levels left.
You didn't know any spells.
Your spell library was empty.

Dungeon Overview and Level Annotations

Branches:
Dungeon (2/15)

Altars:


Innate Abilities, Weirdness & Mutations

You have extremely sharp teeth.
When hurt, damage is shared between your health and your magic reserves.
Your bite disrupts and absorbs the magic of your enemies.
Potions cannot restore your health.


Message History

You block the adder's attack.
There is a stone staircase leading up here.
You miss the adder. The adder closely misses you. The adder barely misses you.
The endoplasm freezes you.
You are frozen.
Unknown command.
You miss the adder. You hit the endoplasm. The adder bites you.
The adder bites you but does no damage. The endoplasm freezes you.
You are frozen.
Unknown command.
You are too injured to fight recklessly!
You are too injured to fight recklessly!
Unknown command.
You are too injured to fight recklessly!
Unknown command.
You are too injured to fight recklessly!
Unknown command.
You are too injured to fight recklessly!
Unknown command.
You are too injured to fight recklessly!
You miss the adder. You slash the endoplasm!
You kill the endoplasm!
The adder closely misses you. You block the adder's attack.
You barely miss the adder. Your bite misses the adder.
You block the adder's attack. The adder closely misses you.
Unknown command.
You closely miss the adder. The adder bites you. The adder barely misses you.
You closely miss the adder. You bite the adder, but do no damage.
The adder bites you.
* * * LOW HITPOINT WARNING * * *
You are lethally poisoned!
The adder poisons you! The adder closely misses you.
Unknown command.
You closely miss the adder. Your bite misses the adder.
* * * LOW HITPOINT WARNING * * *
You feel sick. The adder barely misses you. The adder bites you.
* * * LOW HITPOINT WARNING * * *
You closely miss the adder. You bite the adder, but do no damage.
You die...

# #.###
#..@#
#.S........
#.#$#......
#.#........
# ##. .....
#...### #
.# .#


You could see an adder.

Vanquished Creatures
  A worm (D:1)
  2 dart slugs (D:1)
  2 endoplasms
  A giant cockroach (D:1)
  3 hobgoblins (D:1)
  2 quokkas (D:1)
  2 ball pythons (D:1)
  2 bats (D:1)
  A kobold (D:1)
  5 rats (D:1)
21 creatures vanquished.

Vanquished Creatures (others)
  3 plants (D:1)
3 creatures vanquished.

Grand Total: 24 creatures vanquished

Notes
Turn   | Place    | Note
-------+----------+-------------------------------------------
     0 | D:1      | grumblor the Vine Stalker Fighter began the quest for the
                  | Orb.
     0 | D:1      | Reached XP level 1. HP: 11/11 MP: 2/2
   305 | D:1      | Reached XP level 2. HP: 16/16 MP: 1/3
  1209 | D:1      | Reached skill level 3 in Shields
  1209 | D:1      | Reached XP level 3. HP: 19/19 MP: 4/4
  1418 | D:2      | Succumbed to an adder's poison

Illustrated notes

Levels and vault maps discovered:
D:1:      nagdon_arrival_zigzag_paths, layout_loops_ring, serial_bayou,
          serial_bayou_pond_d, serial_bayou_pond_a, serial_bayou_pond_e,
          serial_bayou_shore_a
D:2:      layout_rooms, minmay_bisected, uniq_sigmund

Skill      XL: |  1  2 |
---------------+-------+-----
Axes           | 2 |  2.2
Shields        | 3 |  3.0
Fighting       | |  2.8
Armour         | |  2.5
Dodging        | |  0.3
Spellcasting   | |  0.4

Action                   || total
-------------------------++-------
Melee: War axe           ||    68
       Bite              ||    10
  Use: Scroll            ||     2
Armor: Scale mail        ||    33
Dodge: Dodged            ||    40
Block: Buckler           ||    17

Table legend: (Time is in decaauts)
 A = Elapsed time spent in this place.
 B = Non-inter-level travel time spent in this place.
 C = Inter-level travel time spent in this place.
 D = Time resting spent in this place.
 E = Time spent auto-exploring this place.
 F = Levels seen in this place.
 G = Mean time per level.
                   A        B        C        D        E       F      G
               +--------+--------+--------+--------+--------+-----+--------+
         Total |   1460 |   1425 |     35 |    200 |   1059 |   2 |  730.0 |
       Dungeon |   1460 |   1425 |     35 |    200 |   1059 |   2 |  730.0 |
               +--------+--------+--------+--------+--------+-----+--------+

Top non-repeatable levels by time:
     D:1: 1445 daAuts
     D:2: 15 daAuts
